[Event "*** Titled Tuesday 3|2 Blitz"]
[Site "Chess.com"]
[Date "2015.12.01"]
[Round "5"]
[White "wonderfultime"]
[Black "dretch"]
[Result "0-1"]
[WhiteElo "2630"]
[BlackElo "2467"]
[TimeControl "180+2"]
[EndTime "18:01:39 PST"]
[Termination "dretch won by resignation"]

1. d4 d5 2. c4 c6 3. Nc3 dxc4 4. e3 b5 5. a4 b4 6. Ne4 Qd5 7. Ng3 Nf6 8. Be2 Ba6 9. e4 Nxe4 10. Bf3 f5 11. N1e2 g6 12. Nf4 Qf7 13. Nxe4 fxe4 14. Bg4 h5 15. Be6 Qf6 16. d5 Bh6 17. g3 c3 18. bxc3 bxc3 19. Rb1 Bc4 20. Rb4 Bxf4 21. Bxf4 cxd5 22. Bxd5 c2 23. Qxc2 Bxd5 24. Bxb8 O-O 25.
O-O Raxb8 26. Rxb8 Rxb8 27. Qc7 Rf8 28. Qxa7 Qf3 0-1

[Event "*** Titled Tuesday 3|2 Blitz"]
[Site "Chess.com"]
[Date "2015.12.01"]
[Round "5"]
[White "AnimationDomination"]
[Black "gumersindo"]
[Result "0-1"]
[WhiteElo "1716"]
[BlackElo "2202"]
[TimeControl "180+2"]
[EndTime "18:01:41 PST"]
[Termination "gumersindo won by resignation"]

1. d4 d5 2. c4 c6 3. Nc3 Nf6 4. Bf4 e6 5. e3 Nbd7 6. Nf3 a6 7. Bg3 b5 8. cxd5 cxd5 9. a3 Bb7 10. Bd3 Be7 11. O-O O-O 12. Rc1 Nb6 13. Qe2 Nc4 14. Bxc4 dxc4 15. Ne5 Nd5 16. Rfd1 Rc8 17. f3 f6 18. Ng4 h5 19. Nf2 Bd6 20. Bxd6 Qxd6 21. Qd2 f5 22. e4 Ne7 23. Nh3 fxe4 24. fxe4 e5 25. Ng5 Nc6 26. d5 Nd4 27. Qe3 Qg6 28. Rf1 Rcd8 29. Nf3 Nxf3+ 30. Rxf3 Rxf3 31. Qxf3 Rf8 32.
Qe2 Qb6+ 33. Kh1 Qf2 34. Re1 a5 35. h3 b4 36. axb4 axb4 37. Nb5 Qc5 38. Qxh5 Qxb5 39. Qxe5 Qd7 40. Qd4 Ba6 41. Rd1 Rc8 42. e5 c3 43.
bxc3 bxc3 44. Rc1 c2 45. e6 Qd6 46. Kg1 Qc5 47. Qxc5 Rxc5 48. Kf2 Rxd5 49. Re1 Kf8 50. e7+ Ke8 0-1

[Event "*** Titled Tuesday 3|2 Blitz"]
[Site "Chess.com"]
[Date "2015.12.01"]
[Round "5"]
[White "cheese111"]
[Black "Alliswell998"]
[Result "1-0"]
[WhiteElo "2215"]
[BlackElo "2133"]
[TimeControl "180+2"]
[EndTime "18:01:50 PST"]
[Termination "cheese111 won by resignation"]

1. e4 c5 2. Nf3 d6 3. Bb5+ Bd7 4. Bxd7+ Nxd7 5. O-O Ngf6 6. Qe2 Qc7 7. Rd1 Rc8 8.
c4 g6 9. Nc3 Bg7 10. b3 O-O 11. Bb2 Qb8 12. d4 cxd4 13. Nxd4 a6 14. Rac1 Rfd8 15.
Nd5 e6 16. Ne7+ Kf8 17. Nxc8 Qxc8 18. Nf3 e5 19. Rxd6 Ne8 20. Rd3 Nb8 21. Rxd8 Qxd8 22. Bxe5 Bxe5 23. Nxe5 Qg5 24. Nd3 Nc6 25. Rd1 Nf6 26.
e5 Ng4 27. h3 Ngxe5 28. Nxe5 Nxe5 29. Re1 f6 30. Qe3 Qxe3 31. Rxe3 Kf7 32. Kf1 g5 33.
Ke2 Ke6 34. Kd2 Kd6 35. Kc3 a5 36. a3 f5 37. c5+ Kd5 38. b4 f4 39. Rxe5+ Kxe5 40. f3 Kd5 41. Kd3 h6 42. Kc3 axb4+ 43. axb4 h5 44. Kd3 Ke5 45. Kc4 Kf5 46. b5 g4 47.
hxg4+ hxg4 48. Kd5 gxf3 49. gxf3 Kg5 50. Ke4 Kg6 51.
c6 Kf6 52. cxb7 1-0

[Event "*** Titled Tuesday 3|2 Blitz"]
[Site "Chess.com"]
[Date "2015.12.01"]
[Round "5"]
[White "GrigorGrigorov"]
[Black "dawnrule"]
[Result "0-1"]
[WhiteElo "2504"]
[BlackElo "2247"]
[TimeControl "180+2"]
[EndTime "18:01:52 PST"]
[Termination "dawnrule won by resignation"]

1. e4 c5 2. Be2 Nc6 3. f4 d6 4.
Nf3 Nf6 5. d3 g6 6. O-O Bg7 7.
Qe1 O-O 8. c3 e6 9. Kh1 b5 10.
a3 Re8 11. Be3 Rb8 12. Nbd2 a5 13. d4 cxd4 14. Nxd4 Nxd4 15. Bxd4 e5 16. fxe5 dxe5 17. Be3 Qc7 18. Qf2 Be6 19. h3 Qc6 20. Qh4 Nd7 21. Rf2 b4 22. axb4 axb4 23. c4 b3 24. Raf1 Nc5 25.
Bg4 Nd3 26. Rf3 Nxb2 27. Bxe6 Qxe6 28. Bh6 Bxh6 29. Qxh6 Re7 30. Rf6 Qd7 31. Nf3 Re6 32. Ng5 Rxf6 33. Rxf6 Qd1+ 34. Kh2 Qh5 35. Qxh5 gxh5 36.
c5 Nc4 37. c6 b2 38. c7 Rc8 39. Rf1 Nd2 40. Rd1 b1=Q 41. Rxd2 Rxc7 0-1

[Event "*** Titled Tuesday 3|2 Blitz"]
[Site "Chess.com"]
[Date "2015.12.01"]
[Round "5"]
[White "Fh2411"]
[Black "jefferyx"]
[Result "0-1"]
[WhiteElo "2296"]
[BlackElo "2546"]
[TimeControl "180+2"]
[EndTime "18:02:06 PST"]
[Termination "jefferyx won on time"]

1. e4 c5 2. Nf3 d6 3. d4 Nf6 4.
Nc3 cxd4 5. Nxd4 a6 6. Be2 e5 7. Nb3 Be7 8. g4 h6 9. Be3 b5 10. f3 Bb7 11. Qd2 Nbd7 12. O-O-O Rc8 13. h4 b4 14. Nb1 Qc7 15. g5 Nh5 16. gxh6 gxh6 17. Rh2 Ndf6 18. Bf1 d5 19. Bh3 Rd8 20. exd5 Nxd5 21. Qf2 a5 22. N3d2 Bxh4 23. Qe2 Ng3 24. Qb5+ Bc6 25. Qc5 Be7 26. Qa7 Nf4 27. b3 Qxa7 28.
Bxa7 Bxf3 29. Re1 Nge2+ 30. Kb2 Bh5 31. Bf5 Ng3 32. Be4 f5 33. Bc6+ Kf7 34. Nc4 e4 35. Nbd2 Bf6+ 36. Kb1 Bc3 37. Rg1 Nfe2 38. Rgh1 Nxh1 39.
Rxh5 Nhg3 0-1

[Event "*** Titled Tuesday 3|2 Blitz"]
[Site "Chess.com"]
[Date "2015.12.01"]
[Round "5"]
[White "flubs"]
[Black "Po6Don"]
[Result "0-1"]
[WhiteElo "2168"]
[BlackElo "2063"]
[TimeControl "180+2"]
[EndTime "18:02:08 PST"]
[Termination "Po6Don won by resignation"]

1. d4 d5 2. c4 e5 3. dxe5 d4 4. Nf3 Nc6 5. g3 Nge7 6. Bg2 Ng6 7. O-O Ngxe5 8. b3 Bc5 9. Nbd2 Nxf3+ 10. Nxf3 O-O 11. Bb2 Re8 12. Qd2 Bf5 13. a3 a5 14.
Rfd1 Bg4 15. h3 Bh5 16. Kf1 Bxf3 17. Bxf3 Qd7 18. g4 Rad8 19. Kg1 Ne5 20. Bg2 f5 21. g5 Ng6 22. e3 f4 23. exd4 f3 24. Bf1 Re4 25.
Qxa5 Rg4+ 26. Kh1 b6 27. Qc3 Rh4 28. Qxf3 Bd6 29. d5 Rf8 30. Qg2 Nf4 31. Qe4 Rxh3+ 32. Kg1 Qg4+ 33. Bg2 Ne2+ 34. Kf1 Ng3+ 35. Ke1 Nxe4 36. Bxh3 Qxh3 37. Ke2 0-1

[Event "*** Titled Tuesday 3|2 Blitz"]
[Site "Chess.com"]
[Date "2015.12.01"]
[Round "5"]
[White "Penguininja"]
[Black "alex_zapata"]
[Result "0-1"]
[WhiteElo "2174"]
[BlackElo "2170"]
[TimeControl "180+2"]
[EndTime "18:02:16 PST"]
[Termination "alex_zapata won by resignation"]

1. d4 d5 2. Nf3 Nf6 3. c4 c6 4. e3 e6 5. b3 Nbd7 6. Bd3 Bd6 7. Bb2 O-O 8. O-O Qe7 9. Ne5 c5 10. Nd2 b6 11. Qf3 Bb7 12. Qh3 h6 13. f4 Ne4 14.
Ndf3 Rac8 15. Rae1 a6 16. Ng4 f5 17. Nge5 Bxe5 18.
dxe5 Rfd8 19. g4 fxg4 20. Qxg4 Nf8 21. h3 dxc4 22. Bxc4 b5 23. Be2 Nd2 24. Rf2 c4 25.
bxc4 bxc4 26. Rc1 Ne4 27. Rg2 c3 28. Ba1 c2 29. Bb2 Nd2 30. Ba3 Qf7 31. Nxd2 Rxd2 32.
Rf2 Be4 33. Bxa6 h5 34. Qh4 Rd1+ 35. Bf1 Rcd8 36. Kh2 Rxc1 37. Bxc1 Rd1 38. Ba3 c1=Q 39. Bxc1 Rxc1 40. Be2 Rh1+ 41. Kg3 Qg6+ 42. Qg5 Rg1+ 43.
Kh4 Rxg5 44. fxg5 Bf5 45. Bxh5 Qh7 46. Rxf5 exf5 47. e6 g6 48. Kg3 Qxh5 0-1

[Event "*** Titled Tuesday 3|2 Blitz"]
[Site "Chess.com"]
[Date "2015.12.01"]
[Round "5"]
[White "Colombiano07"]
[Black "ntmh281"]
[Result "1-0"]
[WhiteElo "2121"]
[BlackElo "2168"]
[TimeControl "180+2"]
[EndTime "18:02:34 PST"]
[Termination "Colombiano07 won by checkmate"]

1. d4 d5 2. Nf3 Nf6 3. g3 Bf5 4. Bg2 e6 5. O-O Be7 6. c4 c6 7. Nc3 h6 8. Qb3 Qb6 9. c5 Qc7 10. Bf4 Qc8 11. Qd1 O-O 12. b4 Nbd7 13. b5 b6 14. Ne5 cxb5 15. c6 Nxe5 16. dxe5 Ne8 17. Nxb5 Qxc6 18. Nd4 Qc5 19. Nxf5 exf5 20. Qxd5 Rd8 21.
Qb3 g5 22. Rac1 Qa5 23. Be3 Qxe5 24. Rfd1 Nf6 25. Bd2 Ne4 26. Bb4 Bxb4 27. Qxb4 Nc3 28. Rxd8 Nxe2+ 29. Kf1 Rxd8 30. Re1 Re8 31. Bf3 Nxg3+ 32.
hxg3 Qb8 33. Rxe8+ Qxe8 34. a4 Qe5 35. Qb5 Qf6 36.
Kg2 f4 37. g4 Kg7 38. Qf5 Qa1 39. Be4 Qxa4 40. Qh7+ Kf8 41. Qxh6+ Ke7 42. Qxg5+ f6 43. Qxf4 Qb4 44. Qc7+ Kf8 45. Bd5 Qxg4+ 46. Qg3 Qd4 47. Qg8+ Ke7 48. Qe6+ Kf8 49. Qf7# 1-0

[Event "*** Titled Tuesday 3|2 Blitz"]
[Site "Chess.com"]
[Date "2015.12.01"]
[Round "5"]
[White "Viaje"]
[Black "Cararay"]
[Result "0-1"]
[WhiteElo "2179"]
[BlackElo "2222"]
[TimeControl "180+2"]
[EndTime "18:02:37 PST"]
[Termination "Cararay won by resignation"]

1. d4 d5 2. c4 dxc4 3. e4 Nf6 4. e5 Nd5 5. Bxc4 Nb6 6. Bd3 Nc6 7. Be3 Nb4 8. Be4 c6 9. Nc3 N4d5 10. Nge2 Bg4 11. a4 Bxe2 12. Qxe2 e6 13. O-O a5 14.
Bd2 Nb4 15. Be3 Be7 16. f4 N6d5 17. f5 exf5 18. Rxf5 f6 19. Rff1 Nxe3 20. Qxe3 O-O 21. Rad1 Qb6 22. Qh3 g6 23. Qe6+ Rf7 24. exf6 Bf8 25.
Nd5 Qd8 26. Nxb4 Bxb4 27. d5 Qe8 28. Qxe8+ Rxe8 29. Rf4 Bd6 30. Rg4 Bc5+ 31. Kh1 Rxf6 32. dxc6 bxc6 33. h4 Kf7 34. Rc1 Re5 35. Bf3 Be3 36.
Rc3 c5 37. Re4 Rxe4 38. Bxe4 Bd4 39. Kh2 Bxc3 40. bxc3 Rf4 41. Bc6 Rxh4+ 42. Kg3 Rc4 0-1

[Event "*** Titled Tuesday 3|2 Blitz"]
[Site "Chess.com"]
[Date "2015.12.01"]
[Round "5"]
[White "MisaPap"]
[Black "GianmarcoVaR"]
[Result "1-0"]
[WhiteElo "2429"]
[BlackElo "2311"]
[TimeControl "180+2"]
[EndTime "18:02:40 PST"]
[Termination "MisaPap won by resignation"]

1. e4 c6 2. d4 d5 3. Nd2 dxe4 4. Nxe4 Bf5 5. Ng3 Bg6 6. h4 h6 7. Nf3 Nd7 8. h5 Bh7 9. Bd3 Bxd3 10. Qxd3 e6 11.
Bd2 Qc7 12. O-O-O Ngf6 13. Qe2 O-O-O 14. Ne5 Nxe5 15. dxe5 Nd7 16. f4 Be7 17. Ne4 Nc5 18. g4 Nxe4 19. Qxe4 Rd5 20. c4 Rd7 21. Bc3 Rhd8 22.
Rxd7 Qxd7 23. Kc2 Kc7 24. f5 Bg5 25. Rf1 b6 26. b3 c5 27. a4 Qc6 28. Qxc6+ Kxc6 29. a5 Rd7 30. axb6 axb6 31. Ra1 Kb7 32. Rf1 Kc6 33. Ra1 Kb7 34. Rd1 Kc6 35. Rxd7 Kxd7 36.
Kd3 Ke7 37. Ke4 f6 38. b4 fxe5 39. b5 exf5+ 40. Kxf5 Kf7 41. Bxe5 Bd2 42. Bc7 Ba5 43.
Bd8 Ke8 44. Bh4 Bc3 45. Bg3 Kf7 46. Bf4 Be1 47. Bc7 Ba5 48. Ke5 Ke7 49. Kd5 Kd7 50. Be5 Bd2 51. Bxg7 Bg5 52. Ke5 Ke7 53. Kf5 Kd6 54.
Be5+ 1-0

[Event "*** Titled Tuesday 3|2 Blitz"]
[Site "Chess.com"]
[Date "2015.12.01"]
[Round "5"]
[White "adypady02"]
[Black "1stSecond"]
[Result "1-0"]
[WhiteElo "2506"]
[BlackElo "2468"]
[TimeControl "180+2"]
[EndTime "18:02:43 PST"]
[Termination "adypady02 won by resignation"]

1. e4 e5 2. Nf3 Nc6 3. Bb5 a6 4. Ba4 Nge7 5. O-O g6 6. d4 exd4 7. Nxd4 Bg7 8. Nxc6 Nxc6 9. Nc3 O-O 10. Be3 d6 11. Qd2 Re8 12. Bh6 Be6 13. Rfe1 Qh4 14.
Bxg7 Kxg7 15. Bxc6 bxc6 16. Re3 Rab8 17. b3 Qf6 18. Rae1 Qe5 19. Rg3 c5 20. Ree3 Rb4 21. h3 Rd4 22. Qe1 h5 23. Qf1 Rd2 24. f4 Qd4 25. Ne2 Qf6 26. f5 Bd7 27. Nf4 Kh6 28.
Nd5 Rxd5 29. exd5 Rxe3 30. Qf4+ Kg7 31. Rxe3 Bxf5 32. c3 g5 33. Qf2 Bg6 34. Qd2 h4 35. Rf3 Qe5 36. Re3 Qf4 37. Qf2 Kf6 38. Rf3 Ke5 39. Rxf4 gxf4 40. Qxh4 Be4 41. Qe7+ Kxd5 42.
Qf6 Bb1 43. Qxf4 Kc6 44. a3 Ba2 45. b4 Kb6 46. bxc5+ dxc5 47. Qf6+ Kb5 48. h4 c6 49. h5 Ka4 50. Qxc6+ Kxa3 51. Qxc5+ Kb2 52. Qb4+ Kc1 53. h6 Bb1 54. Qxb1+ 1-0

[Event "*** Titled Tuesday 3|2 Blitz"]
[Site "Chess.com"]
[Date "2015.12.01"]
[Round "5"]
[White "bugsbunny444"]
[Black "the_drake"]
[Result "1-0"]
[WhiteElo "2345"]
[BlackElo "1998"]
[TimeControl "180+2"]
[EndTime "18:02:47 PST"]
[Termination "bugsbunny444 won by resignation"]

1. Nf3 d5 2. c4 e6 3. g3 Nf6 4.
Bg2 c6 5. b3 Bd6 6. Bb2 O-O 7.
O-O Nbd7 8. d4 Re8 9. Nc3 dxc4 10. bxc4 e5 11. d5 cxd5 12. cxd5 b6 13. e4 Nc5 14. Re1 Ba6 15. Bf1 Bxf1 16. Kxf1 Qc8 17. Kg2 Qg4 18. h3 Qg6 19. Nh4 Qg5 20. Bc1 Qh5 21.
Qxh5 Nxh5 22. Nf5 Rad8 23. Be3 g6 24. Nxd6 Rxd6 25. Bxc5 bxc5 26. Reb1 f5 27. f3 Rb6 28.
Na4 Rxb1 29. Rxb1 Nf6 30. Nxc5 Rc8 31. Rb5 a6 32. Ra5 Kf7 33. g4 fxe4 34. fxe4 g5 35. Kf3 Kg6 36. d6 Kf7 37. d7 Nxd7 38. Nxd7 Rc3+ 39.
Kf2 Ke6 40. Nc5+ Kd6 41. Nb3 Rxh3 42. Rxa6+ Kc7 43. Re6 Rh2+ 44. Kg3 Rxa2 45. Rxe5 Ra3 46. Rb5 Kc6 47. Rb4 Kd6 48. Kf2 Ke5 49. Ke3 Ra5 50. Nd2 1-0

[Event "*** Titled Tuesday 3|2 Blitz"]
[Site "Chess.com"]
[Date "2015.12.01"]
[Round "5"]
[White "KnightSeeSix"]
[Black "Iball95"]
[Result "0-1"]
[WhiteElo "2185"]
[BlackElo "2420"]
[TimeControl "180+2"]
[EndTime "18:02:49 PST"]
[Termination "Iball95 won by checkmate"]

1. e4 e5 2. Nf3 Nc6 3. Bb5 Nf6 4. O-O Nxe4 5. Re1 Nd6 6. Bxc6 dxc6 7. Nxe5 Be7 8. d4 O-O 9. c3 Bf6 10. Nd2 Re8 11. Ndf3 Bf5 12. Bf4 a5 13. a4 h6 14.
Bg3 Ne4 15. Qb3 Qd5 16. Qxb7 Rab8 17. Qa6 Rxb2 18. c4 Qd8 19. Nxc6 Qa8 20. Qxa8 Rxa8 21.
Be5 Nxf2 22. Bxf6 gxf6 23. Ne7+ Kf8 24. Nxf5 Nd3 25. Re3 Nf4 26. N3h4 Rd8 27. d5 Rb4 28. Rf1 Rxc4 29. Nxh6 Rxd5 30. N6f5 Rd2 31. Rfe1 Ne6 32. Rg3 Rxa4 33. Nh6 Ke7 34. N4f5+ Kd7 35. Nxf7 Raa2 36. N7h6 Nf4 37. Re7+ Kc6 38. Rc3+ Kb6 39. Rb3+ Kc6 40. Rc3+ Kb5 41. Rexc7 Rxg2+ 42. Kf1 Rgf2+ 43. Ke1 Rae2+ 44. Kd1 Rf1# 0-1

[Event "*** Titled Tuesday 3|2 Blitz"]
[Site "Chess.com"]
[Date "2015.12.01"]
[Round "5"]
[White "MITerryble"]
[Black "DanielNaroditsky"]
[Result "1-0"]
[WhiteElo "2615"]
[BlackElo "2547"]
[TimeControl "180+2"]
[EndTime "18:02:51 PST"]
[Termination "MITerryble won by resignation"]

1. d4 Nf6 2. Nf3 d5 3. c4 e6 4. Nc3 Bb4 5. cxd5 exd5 6. Bg5 Nbd7 7. e3 h6 8. Bxf6 Qxf6 9. Bd3 O-O 10. O-O c6 11. Qc2 Qd8 12. Rad1 Re8 13. a3 Bd6 14. e4 dxe4 15. Nxe4 Nf6 16. Nxd6 Qxd6 17. h3 Be6 18.
Ne5 Bd5 19. Rfe1 a5 20. Re3 a4 21. Rde1 Bb3 22. Qc5 Qxc5 23. dxc5 Rad8 24. Nf3 Rxe3 25.
Rxe3 Nd5 26. Re1 Nc3 27. Bf1 Nd1 28. Re2 Rd5 29. Nd2 Rxc5 30. Re8+ Kh7 31. Nxb3 axb3 32.
Re7 b5 33. Bd3+ g6 34. Rxf7+ Kg8 35. Bxg6 Nxb2 36. Rf3 Rc1+ 37. Kh2 Kg7 38. Rxb3 Kxg6 39. Rxb2 Rc3 40. Ra2 Kf5 41. g3 Ke4 42. Kg2 Kd4 43. f4 Rc5 44. Rf2 Ke4 45. g4 Rc3 46. f5 Rxa3 47.
f6 Ra8 48. h4 Rg8 49. f7 Rf8 50. g5 hxg5 51. hxg5 b4 52. g6 b3 53. g7 b2 1-0

[Event "*** Titled Tuesday 3|2 Blitz"]
[Site "Chess.com"]
[Date "2015.12.01"]
[Round "5"]
[White "Anton_Demchenko"]
[Black "Tirantes"]
[Result "0-1"]
[WhiteElo "2632"]
[BlackElo "2264"]
[TimeControl "180+2"]
[EndTime "18:03:08 PST"]
[Termination "Tirantes won on time"]

1. e4 c6 2. d4 d5 3. Nc3 dxe4 4. Nxe4 Nd7 5. Nf3 Ngf6 6. Nxf6+ exf6 7. c3 Bd6 8. Bd3 O-O 9. O-O Re8 10. h3 Nb6 11. Qc2 g6 12. c4 c5 13. Be3 Qc7 14. Rfe1 Be6 15. b3 a6 16. Rad1 Rad8 17. Qc3 f5 18. dxc5 Bxc5 19. Bh6 Bf8 20. Bxf8 Rxf8 21. Qe5 Qxe5 22.
Nxe5 Nd7 23. Nxd7 Rxd7 24. f4 Rfd8 25. Be2 Rd2 26. Kf2 R8d7 27. Rxd2 Rxd2 28. Ra1 b6 29. Ke3 Rb2 30. g3 Kf8 31. h4 h5 32. Bf3 Ke7 33. Bh1 a5 34. Bc6 Kd6 35. Ba4 Kc5 36. a3 Bc8 37.
Rd1 Be6 38. Ra1 Rg2 39. Kf3 Rb2 40. Re1 Ra2 41. Re5+ Kd4 42. Rb5 Rxa3 43. Rxb6 Bxc4 44. Kf2 Bd5 45. Rd6 Ra2+ 46. Kf1 Ke4 47. Ke1 Rb2 48.
Rb6 Ke3 49. Kd1 Be4 0-1

[Event "*** Titled Tuesday 3|2 Blitz"]
[Site "Chess.com"]
[Date "2015.12.01"]
[Round "5"]
[White "MMSANCHEZ"]
[Black "BellJackson95"]
[Result "1/2-1/2"]
[WhiteElo "2325"]
[BlackElo "2188"]
[TimeControl "180+2"]
[EndTime "18:03:45 PST"]
[Termination "Game drawn - insufficient material"]

1. d4 Nf6 2. Nf3 d5 3. c4 e6 4. g3 Be7 5. Bg2 O-O 6. O-O dxc4 7. Qc2 a6 8. a4 Nc6 9. Qxc4 Qd5 10. Qd3 Nb4 11.
Qd1 Rd8 12. Nc3 Qc4 13. e3 Qd3 14. Ne5 Qxd1 15. Rxd1 c5 16. dxc5 Rxd1+ 17. Nxd1 Bxc5 18. Bd2 Nbd5 19. Rc1 Bd6 20. Nc4 Bc7 21. e4 Ne7 22. Na5 Bxa5 23. Bxa5 Nc6 24. Bb6 Bd7 25. Ne3 e5 26.
Nc4 Be6 27. f4 exf4 28. gxf4 Re8 29. Nd6 Re7 30. Nxb7 Rxb7 31. Rxc6 Bd7 32. Rc7 Rxb6 33. e5 Be6 34. exf6 gxf6 35. Rc6 Rxb2 36. Rxa6 Kg7 37. Bc6 Bc4 38. Ra5 Ra2 39. Rc5 Be6 40. a5 f5 41. Bb7 h5 42. a6 h4 43. Rc3 Kf6 44. Rh3 Bc4 45. Rxh4 Kg7 46. Rh5 Bxa6 47. Bxa6 Rxa6 48.
Rxf5 Ra2 49. Rg5+ Kf6 50. Rb5 Kg6 51. h3 f5 52. Rc5 Rb2 53. Re5 Ra2 54. Re6+ Kh5 55.
Rf6 Kh4 56. Rxf5 Kxh3 57. Rg5 Kh4 58. Rg8 Ra4 59. f5 Rf4 60. Rf8 Kg5 61. Kg2 Rxf5 62.
Rxf5+ Kxf5 1/2-1/2

[Event "*** Titled Tuesday 3|2 Blitz"]
[Site "Chess.com"]
[Date "2015.12.01"]
[Round "5"]
[White "oskariot"]
[Black "Carolina-moon"]
[Result "1-0"]
[WhiteElo "2238"]
[BlackElo "2030"]
[TimeControl "180+2"]
[EndTime "18:04:03 PST"]
[Termination "oskariot won by resignation"]

1. e4 c5 2. Nf3 d6 3. d4 cxd4 4. Nxd4 Nf6 5. Nc3 a6 6. f4 e5 7. Nf3 Nbd7 8. a4 Be7 9. Bd3 O-O 10. O-O exf4 11. Bxf4 Qb6+ 12. Kh1 Qxb2 13. Qe1 Nc5 14.
Rb1 Qa3 15. Bc4 Be6 16. Bc1 Qxc3 17. Qxc3 Nfxe4 18. Qe3 Bxc4 19. Re1 f5 20. Bb2 b5 21. axb5 axb5 22. Ra1 Rae8 23. Ra7 Rf7 24. h4 f4 25. Qa3 Bf8 26. Rxf7 Kxf7 27. Ng5+ Nxg5 28. Rxe8 Kxe8 29. hxg5 Be7 30. Bxg7 Bxg5 31. Qa7 Bd5 32. Bd4 Ne4 33.
Qxh7 Ng3+ 34. Kh2 Be7 35. Bf2 Ne4 36. Qh5+ Bf7 37. Qxb5+ Kf8 38. Bd4 Ng5 39. Qb8+ Be8 40. Kg1 Ne6 41. Bf2 Kf7 42. c3 Bc6 43. Qb6 Be4 44.
Qb8 Ng5 45. c4 f3 46. gxf3 Nxf3+ 47. Kf1 Nd2+ 48. Ke2 Nxc4 49. Bd4 d5 50. Qh8 Nd6 51. Qg7+ Ke8 52. Qh8+ Kd7 53. Qh3+ Bf5 54. Qb3 Bg4+ 55. Ke3 Nc4+ 56. Kf4 Be6 57. Qb5+ Kd8 58. Bc5 Bf6 59. Qb8+ Kd7 60. Qb7+ Kd8 61. Qc6 Be5+ 62. Kg5 Bc7 63. Qxe6 Bb8 64. Qxd5+ 1-0

[Event "*** Titled Tuesday 3|2 Blitz"]
[Site "Chess.com"]
[Date "2015.12.01"]
[Round "5"]
[White "Gabrielian_Artur"]
[Black "HansCoolNiemann"]
[Result "0-1"]
[WhiteElo "2433"]
[BlackElo "2200"]
[TimeControl "180+2"]
[EndTime "18:04:40 PST"]
[Termination "HansCoolNiemann won by resignation"]

1. e4 e6 2. d3 d5 3. Nd2 c5 4. Ngf3 Nc6 5. g3 g6 6. Bg2 Bg7 7. O-O Nge7 8. Re1 O-O 9. h4 b6 10. h5 Ba6 11. exd5 Nxd5 12. Ne4 Nd4 13. Nxd4 cxd4 14. hxg6 hxg6 15. Ng5 Rc8 16. Bd2 Ne3 17.
Nxf7 Rxf7 18. fxe3 Qc7 19. Qg4 Qxc2 20. Rad1 Rcf8 21.
Qxe6 Bxd3 22. Qb3 Qxb3 23. axb3 Bc2 24. Rc1 Bxb3 25. exd4 Bxd4+ 26. Be3 Bg7 27. Bf4 Bxb2 28. Rb1 Bd4+ 29. Be3 Bxe3+ 30. Rxe3 Bc4 31. Rc1 b5 32. Re5 Rd8 33. Rg5 Kg7 34. Ra1 Rd2 35. Be4 Rd6 36.
Rc5 Re7 37. Bg2 Rd2 38. Bf3 Rf7 39. Be4 Re7 40. Bf3 Rf7 41. Bg2 Rd3 42. Rg5 Kh6 43.
Rg4 Rfd7 44. Ra6 Rd1+ 45. Kh2 R1d6 46. Ra3 Kg7 47. Rf4 Rd2 48. Raf3 Bd5 49. Rf2 Rxf2 50.
Rxf2 Bxg2 51. Kxg2 a5 52. Rc2 b4 53. Rc5 Ra7 54. Rb5 a4 55. Rxb4 a3 56. Rb1 a2 57.
Ra1 Kf6 58. Kf3 Ke5 59. Kg4 Kf6 60. Kf4 Ra4+ 61. Ke3 Kf5 62. Kf3 Ra3+ 63. Kf2 Ke4 64. Ke2 Kd4 65. g4 Kc3 0-1

[Event "*** Titled Tuesday 3|2 Blitz"]
[Site "Chess.com"]
[Date "2015.12.01"]
[Round "5"]
[White "jcibarra"]
[Black "HustleStandard"]
[Result "1/2-1/2"]
[WhiteElo "2513"]
[BlackElo "2380"]
[TimeControl "180+2"]
[EndTime "18:06:13 PST"]
[Termination "Game drawn by agreement"]

1. e4 e5 2. Nf3 Nc6 3. Bb5 Nf6 4. O-O Nxe4 5. d4 Nd6 6. dxe5 Nxb5 7. a4 Nbd4 8. Nxd4 d5 9. Nxc6 bxc6 10. Nd2 Be7 11. Nb3 c5 12. Na5 Be6 13. Nc6 Qd7 14.
Nxe7 Qxe7 15. b3 O-O 16. Ba3 Rad8 17. Qd4 Qg5 18. Bxc5 Bh3 19. g3 Bxf1 20. Bxf8 Bh3 21. Bc5 Qf5 22. Qd3 Qxe5 23. Bd4 Qe7 24. Qe3 Qxe3 25. fxe3 a6 26. b4 Bf5 27. c3 c6 28.
Kf2 Bd3 29. g4 f6 30. Kg3 h6 31. Ra2 Kf7 32. h4 Re8 33. Rf2 Re6 34. Rd2 Bc4 35. Rf2 Kg6 36. Rf5 Bb3 37. a5 Re4 38. Rf4 Re6 39. Kf2 Bc2 40. Kg3 Bd1 41. Kh3 Bc2 42.
Kg3 Kf7 43. g5 f5 44. Rf2 hxg5 45. hxg5 Kg6 46. Rh2 Re7 47. Kf4 Re4+ 48. Kf3 Bd1+ 49. Kf2 Bh5 50. Bxg7 Kxg5 51. Bd4 f4 52. exf4+ Rxf4+ 53. Ke3 Re4+ 54. Kd2 Bg4 55. Rf2 Re6 56. Rf7 Be2 57. Be3+ Kg6 58. Rb7 Bb5 59. Bd4 Kf5 60. Rh7 Re2+ 61. Kd1 Ke4 62. Re7+ Kf3 63. Rf7+ Kg4 64.
Rf6 Ra2 65. Kc1 Kg5 66. Rf8 Re2 67. Kd1 Rh2 68. Kc1 Rh1+ 69. Kb2 Rh2+ 70. Kc1 Rh1+ 71. Kd2 Rh2+ 72. Ke3 Re2+ 73. Kf3 Re4 74. Kg3 Rg4+ 75. Kf3 Re4 76. Rb8 Be2+ 77. Kf2 Bc4 78. Rc8 Bb5 79. Rc7 Kg4 80. Rg7+ Kf4 81. Be3+ Ke5 82. Rg6 Kf5 83. Rh6 Rg4 84. Kf3 Re4 85. Rd6 Ke5 86. Rh6 Kf5 87.
Rh8 Ke6 88. Rf8 Bc4 89. Rc8 Bb5 90. Rb8 Kf5 91. Rf8+ Kg6 92. Bd4 Be2+ 93. Kg3 Bb5 94. Rf2 Re1 95. Kf4 Rf1 96. Rxf1 Bxf1 97. Ke5 Bb5 98. Kd6 Kf5 1/2-1/2

[Event "*** Titled Tuesday 3|2 Blitz"]
[Site "Chess.com"]
[Date "2015.12.01"]
[Round "6"]
[White "jefferyx"]
[Black "MMSANCHEZ"]
[Result "1-0"]
[WhiteElo "2551"]
[BlackElo "2321"]
[TimeControl "180+2"]
[EndTime "18:08:25 PST"]
[Termination "jefferyx won by resignation"]

1. b4 c6 2. e3 Qb6 3. a3 a5 4.
Bb2 axb4 5. Bd4 c5 6. Bxc5 Qc7 7. Bxb4 Nc6 8. Bc3 e6 9. Nf3 d5 10. Bb2 Nf6 11. Nc3 Be7 12. Nb5 Qb6 13. Rb1 Bd7 14.
Bxf6 1-0

[Event "*** Titled Tuesday 3|2 Blitz"]
[Site "Chess.com"]
[Date "2015.12.01"]
[Round "6"]
[White "norwaytoadog"]
[Black "AnimationDomination"]
[Result "1-0"]
[WhiteElo "1896"]
[BlackElo "1712"]
[TimeControl "180+2"]
[EndTime "18:09:53 PST"]
[Termination "norwaytoadog won by resignation"]

1. e4 c5 2. Nc3 d6 3. f4 e6 4.
Nf3 d5 5. Bb5+ Bd7 6. Bxd7+ Qxd7 7.
Ne5 Qd8 8. O-O Nf6 9. Qe2 Be7 10. Qb5+ Nbd7 11. Qxb7 d4 12. Nb5 O-O 13. Nc6 Qe8 14.
Nc7 1-0

[Event "*** Titled Tuesday 3|2 Blitz"]
[Site "Chess.com"]
[Date "2015.12.01"]
[Round "6"]
[White "Hikaru"]
[Black "MITerryble"]
[Result "1-0"]
[WhiteElo "2908"]
[BlackElo "2612"]
[TimeControl "180+2"]
[EndTime "18:11:18 PST"]
[Termination "Hikaru won by resignation"]

1. e4 e6 2. d4 d5 3. Nd2 Be7 4.
Ngf3 Nf6 5. e5 Nfd7 6. c3 c5 7.
Bd3 Nc6 8. O-O g5 9. dxc5 g4 10. Nd4 Ncxe5 11. Bb5 a6 12. Bxd7+ Bxd7 13. N2b3 h5 14.
f4 Nc6 15. Be3 Nxd4 16. Bxd4 f6 17. Nc1 Kf7 18. Nd3 Bb5 19. a4 Bd7 20. b4 Qg8 21.
Qb3 Qc8 22. Rae1 Qc6 23. f5 e5 24. Rxe5 Qxa4 25. Qxd5+ Kf8 26. Rxe7 Kxe7 27. Qd6+ 1-0

[Event "*** Titled Tuesday 3|2 Blitz"]
[Site "Chess.com"]
[Date "2015.12.01"]
[Round "6"]
[White "GianmarcoVaR"]
[Black "Gevorg_Harutjunyan"]
[Result "0-1"]
[WhiteElo "2296"]
[BlackElo "2517"]
[TimeControl "180+2"]
[EndTime "18:11:53 PST"]
[Termination "Gevorg_Harutjunyan won by resignation"]

1. d4 Nf6 2. Nf3 g6 3. c4 Bg7 4. g3 d6 5. Bg2 O-O 6. O-O Nbd7 7. Nc3 e5 8. e4 c6 9. h3 exd4 10. Nxd4 Qb6 11. Nb3 Ne5 12. c5 dxc5 13. Be3 Nfd7 14. Na4 Qc7 15. Nbxc5 Nxc5 16. Bxc5 Rd8 17. Qe2 b6 18. Be3 Be6 19. b3 c5 20. f4 Nd3 21.
e5 Rac8 22. Nb2 Nxb2 23. Qxb2 Rd3 24. Rae1 c4 25. bxc4 Bxc4 26. Rf2 b5 27. Rd2 Qa5 28. Red1 Rxe3 29. Kf2 Qb6 30. Rd6 Re2+ 0-1

[Event "*** Titled Tuesday 3|2 Blitz"]
[Site "Chess.com"]
[Date "2015.12.01"]
[Round "6"]
[White "dawnrule"]
[Black "wonderfultime"]
[Result "0-1"]
[WhiteElo "2245"]
[BlackElo "2632"]
[TimeControl "180+2"]
[EndTime "18:12:28 PST"]
[Termination "wonderfultime won by resignation"]

1. e4 c5 2. Nf3 d6 3. d4 cxd4 4. Nxd4 Nf6 5. Nc3 g6 6. Be3 Bg7 7. f3 O-O 8. Qd2 Nc6 9. O-O-O d5 10. exd5 Nxd5 11. Nxc6 bxc6 12. Nxd5 cxd5 13. Qxd5 Qc7 14. Qc5 Qb7 15. Qa3 Be6 16. b3 Rfc8 17. Ba6 Qc6 18.
Bxc8 Rxc8 19. c4 Bxc4 20. Qc5 Qe6 21. Rd8+ Rxd8 22. bxc4 Rc8 23. Qb5 Qxe3+ 0-1